[Event "ICC tourney 2892 (30 10)"]
[Site "Internet Chess Club"]
[Date "2022.04.23"]
[Round "1"]
[White "Volkov, Sergey:Volkov"]
[Black "DENG, HENRY:SuperPuzzler"]
[Result "1-0"]
[ICCResult "Black resigns"]
[WhiteElo "2559"]
[BlackElo "2090"]
[Opening "King's Indian: orthodox, 7...Nbd7, 8.Re1"]
[ECO "E95"]
[NIC "KI.11"]
[Time "12:01:06"]
[PlyCount "79"]
[TimeControl "1800+10"]

1. d4 Nf6 2. c4 d6 3. Nf3 Nbd7 4. Nc3 e5 5. e4 g6 6. Be2 Bg7 7. O-O O-O 8.
Re1 Re8 9. Bf1 a6 10. d5 a5 11. Bg5 h6 12. Bh4 Nc5 13. Nd2 Bd7 14. b3 Rf8
15. a3 Qe8 16. f3 Nh7 17. b4 Na4 18. Qc2 f5 19. Nb5 Bxb5 20. cxb5 Nb6 21.
Qxc7 Nd7 22. Nc4 g5 23. Nxd6 Qe7 24. Nxf5 Rxf5 25. exf5 gxh4 26. d6 Qd8 27.
Bc4+ Kh8 28. Be6 Ndf6 29. bxa5 Ne8 30. Qxd8 Rxd8 31. d7 Nc7 32. Rac1 Nxb5
33. Rc8 Bf6 34. Rec1 Na7 35. Rxd8+ Bxd8 36. Rc8 Nc6 37. Bd5 Nf6 38. Bxc6
bxc6 39. Rxd8+ Kg7 40. Rg8+ {Black resigns} 1-0

[Event "ICC tourney 2892 (30 10)"]
[Site "Internet Chess Club"]
[Date "2022.04.23"]
[Round "1"]
[White "GUSEINOV, GADIR:GGuseinov"]
[Black "SHEEHAN, ETHAN THOMAS:Chessking2008"]
[Result "1-0"]
[ICCResult "Black resigns"]
[WhiteElo "2711"]
[BlackElo "2250"]
[Opening "Caro-Kann: Tartakower (Nimzovich) variation"]
[ECO "B15"]
[NIC "CK.06"]
[Time "12:04:14"]
[PlyCount "59"]
[TimeControl "1800+10"]

1. e4 c6 2. d4 d5 3. Nc3 dxe4 4. Nxe4 Nf6 5. Nxf6+ exf6 6. Bd3 Qxd4 7. Nf3
Qd8 8. O-O Be7 9. Re1 O-O 10. Bf4 Bg4 11. h3 Bh5 12. g4 Bg6 13. Bxg6 hxg6
14. Qxd8 Bxd8 15. Bd6 Nd7 16. Rad1 Nb6 17. b3 f5 18. Bxf8 Kxf8 19. Ne5 Bf6
20. Nd7+ Nxd7 21. Rxd7 b6 22. Red1 c5 23. Rb7 Bd4 24. Rd3 Rd8 25. Kg2 a5 26.
g5 Re8 27. c3 Be5 28. Rxb6 Bf4 29. h4 Kg8 30. Rc6 {Black resigns} 1-0

[Event "ICC tourney 2892 (30 10)"]
[Site "Internet Chess Club"]
[Date "2022.04.23"]
[Round "1"]
[White "Lie, Yoeng Kiong:yoengkiong333"]
[Black "Belous, Vladimir:Openyagami"]
[Result "1-0"]
[ICCResult "Black resigns"]
[WhiteElo "2100"]
[BlackElo "2566"]
[Opening "Sicilian: Labourdonnais-Löwenthal (Kalashnikov) variation"]
[ECO "B32"]
[NIC "SI.32"]
[Time "12:01:09"]
[PlyCount "59"]
[TimeControl "1800+10"]

1. Nf3 c5 2. e4 Nc6 3. d4 cxd4 4. Nxd4 e5 5. Nb5 d6 6. Be3 Nf6 7. N1c3 a6 8.
Na3 b5 9. Nd5 Rb8 10. Nxf6+ Qxf6 11. Nb1 Qg6 12. Nc3 f5 13. Qd5 Ne7 14. Qd3
fxe4 15. Nxe4 d5 16. Ng3 d4 17. Bd2 Bb7 18. f3 Qb6 19. a4 bxa4 20. Rxa4 Qxb2
21. Rb4 Qa1+ 22. Kf2 Nd5 23. Rxb7 Rxb7 24. Qf5 Ne7 25. Qxe5 Rb1 26. Bxa6
Rxh1 27. Bb5+ Kf7 28. Bc4+ Ke8 29. Qb5+ Kd8 30. Ba5+ {Black resigns} 1-0

[Event "ICC tourney 2892 (30 10)"]
[Site "Internet Chess Club"]
[Date "2022.04.23"]
[Round "1"]
[White "YAN, RUIYANG:jy2020"]
[Black "SAFARLI, ELTAJ:KRASAVCHIK"]
[Result "0-1"]
[ICCResult "White resigns"]
[WhiteElo "2185"]
[BlackElo "2639"]
[Opening "Ruy Lopez: modern Steinitz defense"]
[ECO "C75"]
[NIC "RL.11"]
[Time "12:01:01"]
[PlyCount "82"]
[TimeControl "1800+10"]

1. e4 e5 2. Nf3 Nc6 3. Bb5 a6 4. Ba4 d6 5. c3 Bd7 6. O-O g6 7. Re1 Bg7 8. d4
b5 9. Bc2 exd4 10. cxd4 Bg4 11. Be3 Nge7 12. Nc3 O-O 13. Ne2 Bxf3 14. gxf3
Qd7 15. Rc1 Kh8 16. Bb3 Na5 17. Nf4 Rab8 18. Qc2 c6 19. Kh1 d5 20. Rcd1 Nc4
21. Bc1 Rbd8 22. Qe2 Rfe8 23. Qf1 Qa7 24. e5 Nf5 25. Bxc4 dxc4 26. Be3 Nxd4
27. Ne2 c5 28. Bxd4 cxd4 29. f4 d3 30. Ng3 Qd4 31. Ne4 Qxb2 32. Qh3 Kg8 33.
Ng5 h6 34. Nf3 c3 35. f5 c2 36. Rc1 d2 37. Nxd2 Rxd2 38. f6 Bxf6 39. Qxh6
Rd1 40. Rcxd1 cxd1=Q 41. Rxd1 Qxe5 {White resigns} 0-1

[Event "ICC tourney 2892 (30 10)"]
[Site "Internet Chess Club"]
[Date "2022.04.23"]
[Round "1"]
[White "LIANG, YU-CHENG:Yucheng"]
[Black "RASULOV, VUGAR:Vugar-Rasulov"]
[Result "0-1"]
[ICCResult "White resigns"]
[WhiteElo "2026"]
[BlackElo "2504"]
[Opening "QGD Slav: 3.Nf3"]
[ECO "D11"]
[NIC "SL.01"]
[Time "12:01:03"]
[PlyCount "70"]
[TimeControl "1800+10"]

1. d4 d5 2. c4 c6 3. Nf3 Nf6 4. Qb3 dxc4 5. Qxc4 Bg4 6. e3 Nbd7 7. Qc2 g6 8.
Bd3 Bg7 9. O-O Bxf3 10. gxf3 O-O 11. Rd1 Qa5 12. e4 Qh5 13. Be2 e5 14. Be3
exd4 15. Bxd4 Ne5 16. Nd2 Rad8 17. Bxe5 Qxe5 18. Nc4 Qg5+ 19. Kh1 Nh5 20.
Rxd8 Rxd8 21. Rd1 Bd4 22. Ne3 Nf4 23. Bf1 c5 24. b3 h5 25. Qc1 Qh4 26. Qc2
Kg7 27. Bg2 b6 28. a4 Re8 29. Rg1 Re5 30. Bf1 Rg5 31. Rxg5 Qxg5 32. Qd2 Qe5
33. Nc4 Qf6 34. Ne3 Ne6 35. Bg2 Bxe3 {White resigns} 0-1

[Event "ICC tourney 2892 (30 10)"]
[Site "Internet Chess Club"]
[Date "2022.04.23"]
[Round "1"]
[White "MAMMADOV, ZAUR:zaur94"]
[Black "WEN, YILI:yyyw"]
[Result "1-0"]
[ICCResult "Black resigns"]
[WhiteElo "2572"]
[BlackElo "2150"]
[Opening "Four knights game"]
[ECO "C47"]
[NIC "KP.06"]
[Time "12:01:08"]
[PlyCount "53"]
[TimeControl "1800+10"]

1. e4 e5 2. Nf3 Nc6 3. Nc3 Nf6 4. h3 Bc5 5. Nxe5 Nxe5 6. d4 d6 7. dxc5 dxc5
8. Qxd8+ Kxd8 9. Bg5 Nd7 10. Bc4 h6 11. Bh4 Ne5 12. Be2 c6 13. O-O-O+ Ke8
14. Bg3 Nfd7 15. Rd2 Ke7 16. Rhd1 g5 17. f4 gxf4 18. Bxf4 b6 19. Rd6 f6 20.
Bg4 Nxg4 21. hxg4 Ne5 22. Bxe5 fxe5 23. Rxc6 Bxg4 24. Rdd6 h5 25. Nd5+ Kf7
26. Rc7+ Kf8 27. Nf6 {Black resigns} 1-0

[Event "ICC tourney 2892 (30 10)"]
[Site "Internet Chess Club"]
[Date "2022.04.23"]
[Round "1"]
[White "POPILSKI, GIL:kurumania"]
[Black "HU, MERRIC:K09-14686967"]
[Result "1-0"]
[ICCResult "Black resigns"]
[WhiteElo "2508"]
[BlackElo "2027"]
[Opening "Sicilian: Nimzovich-Rossolimo attack (with ...g6, without ...d6)"]
[ECO "B31"]
[NIC "SI.31"]
[Time "12:01:07"]
[PlyCount "86"]
[TimeControl "1800+10"]

1. e4 c5 2. Nf3 Nc6 3. Bb5 g6 4. Bxc6 dxc6 5. Nc3 Bg7 6. d3 e5 7. Be3 Qe7 8.
a4 a5 9. Nd2 Nf6 10. Nc4 Ng4 11. Bd2 Be6 12. b3 O-O 13. O-O Rfe8 14. Qe1
Bxc4 15. bxc4 Bh6 16. Rb1 Kg7 17. h3 Bxd2 18. Qxd2 Nf6 19. Nd1 Qc7 20. Ne3
Rad8 21. Qc3 Rd4 22. Rb3 b6 23. Qb2 Rb8 24. Rb1 Nd7 25. Ng4 h5 26. Nh2 f6
27. Nf3 Rd6 28. Nh4 Rd4 29. g3 Kh7 30. Rf1 Rf8 31. Qc1 Rf7 32. f4 exf4 33.
gxf4 Nf8 34. Qe3 Nd7 35. Kh1 Nf8 36. Rbb1 Rd8 37. Qf3 Kh6 38. Rg1 Rg7 39.
Rg2 Ne6 40. Rxg6+ Rxg6 41. Nf5+ Kh7 42. Qxh5+ Kg8 43. Qxg6+ Kf8 {Black
resigns} 1-0

[Event "ICC tourney 2892 (30 10)"]
[Site "Internet Chess Club"]
[Date "2022.04.23"]
[Round "1"]
[White "MITRABHA, GUHA:babysnake"]
[Black "NGUYEN, TIEN:ngthanhthuytien"]
[Result "1-0"]
[ICCResult "Black checkmated"]
[WhiteElo "2550"]
[BlackElo "2050"]
[Opening "King's Indian: East Indian defense"]
[ECO "A48"]
[NIC "QP.06"]
[Time "12:01:12"]
[PlyCount "99"]
[TimeControl "1800+10"]

1. d4 Nf6 2. Nf3 g6 3. Nbd2 d5 4. b4 Bg7 5. e3 O-O 6. c4 a5 7. b5 c6 8. a4
Nfd7 9. Bb2 Re8 10. Qb3 e5 11. cxd5 exd4 12. Bxd4 Bxd4 13. Nxd4 Nc5 14. Qc3
Qxd5 15. N4f3 cxb5 16. Bxb5 Bd7 17. Bc4 Qh5 18. h4 Qf5 19. Ng5 Re7 20. g4
Qe5 21. Qxe5 Rxe5 22. Nxf7 Re7 23. Ne5+ Be6 24. h5 Kg7 25. g5 gxh5 26. Rxh5
Bf5 27. Ndf3 Nbd7 28. Nxd7 Bxd7 29. Nd4 Kg6 30. Rh2 Bxa4 31. Rxa4 Nxa4 32.
Bd3+ Kxg5 33. f4+ Kg4 34. Kf2 Rxe3 35. Kxe3 Re8+ 36. Kf2 Kxf4 37. Rh4+ Kg5
38. Nf3+ Kf6 39. Rxa4 b6 40. Rh4 Ra8 41. Rh6+ Kg7 42. Rxh7+ Kg8 43. Ng5 Rf8+
44. Kg3 Rc8 45. Rd7 a4 46. Bh7+ Kf8 47. Ne6+ Ke8 48. Rg7 Rc3+ 49. Kf2 a3 50.
Bg6# {Black checkmated} 1-0

[Event "ICC tourney 2892 (30 10)"]
[Site "Internet Chess Club"]
[Date "2022.04.23"]
[Round "1"]
[White "Nguyen, Hoa Duc:leoman"]
[Black "SRIPADA, HAVISH:brilliantnessme"]
[Result "1-0"]
[ICCResult "Black checkmated"]
[WhiteElo "2469"]
[BlackElo "1985"]
[Opening "Queen's gambit declined"]
[ECO "D30"]
[NIC "QP.08"]
[Time "12:01:02"]
[PlyCount "85"]
[TimeControl "1800+10"]

1. d4 d5 2. c4 e6 3. Nf3 Nf6 4. g3 Bb4+ 5. Bd2 Be7 6. Bg2 O-O 7. O-O Nbd7 8.
Qc2 c6 9. b3 b6 10. Rd1 Bb7 11. Nc3 Rc8 12. e4 dxe4 13. Nxe4 c5 14. Nxf6+
Bxf6 15. Ng5 Bxg5 16. Bxb7 Rc7 17. dxc5 Bxd2 18. Rxd2 Rxb7 19. c6 Rc7 20.
Rad1 Rxc6 21. Rxd7 Qa8 22. R1d4 Rcc8 23. Qd2 h6 24. Rg4 Qf3 25. Rf4 Qa8 26.
Qd4 Rc5 27. Re4 Re8 28. Qd3 e5 29. Rg4 e4 30. Qe3 Qc6 31. Rxa7 Qe6 32. h3 h5
33. Rf4 f6 34. h4 Re5 35. Rb7 Rd8 36. Kh2 g5 37. hxg5 fxg5 38. Rxe4 h4 39.
Rxe5 hxg3+ 40. Kxg3 Qh6 41. Rxg5+ Kh8 42. Qe5+ Qf6 43. Qxf6# {Black
checkmated} 1-0

[Event "ICC tourney 2892 (30 10)"]
[Site "Internet Chess Club"]
[Date "2022.04.23"]
[Round "1"]
[White "JEGAN, ALAN:playtowin2020"]
[Black "YANG, KAIQI:YKQ"]
[Result "0-1"]
[ICCResult "White resigns"]
[WhiteElo "2037"]
[BlackElo "2531"]
[Opening "French: Winawer, advance, Bogolyubov variation"]
[ECO "C17"]
[NIC "FR.10"]
[Time "12:01:16"]
[PlyCount "58"]
[TimeControl "1800+10"]

1. e4 e6 2. d4 d5 3. Nc3 Bb4 4. e5 c5 5. Bd2 Ne7 6. Nb5 Bxd2+ 7. Qxd2 O-O 8.
dxc5 Nd7 9. Qc3 a6 10. Nd6 Qc7 11. f4 Qxc5 12. Ne2 f6 13. Qh3 Nb6 14. Nxc8
Raxc8 15. Qxe6+ Kh8 16. c3 Rc6 17. Qh3 fxe5 18. g3 Nc4 19. b3 Ne3 20. Rc1 d4
21. Qd7 N7d5 22. cxd4 Qb4+ 23. Kf2 Rxc1 24. Nxc1 exf4 25. Be2 Qxd4 26. Qe6
fxg3+ 27. Kxg3 Nf5+ 28. Kf3 Qf4+ 29. Kg2 Nde3+ {White resigns} 0-1

[Event "ICC tourney 2892 (30 10)"]
[Site "Internet Chess Club"]
[Date "2022.04.23"]
[Round "1"]
[White "TANG, ZOEY:WonderZ"]
[Black "ALEKSANDROV, ALEKSEJ:Aleksandrov73"]
[Result "0-1"]
[ICCResult "White resigns"]
[WhiteElo "2072"]
[BlackElo "2556"]
[Opening "Trompowsky attack (Ruth, Opocenský opening)"]
[ECO "A45"]
[NIC "QP.07"]
[Time "12:01:02"]
[PlyCount "84"]
[TimeControl "1800+10"]

1. d4 Nf6 2. Bg5 d5 3. e3 g6 4. Bxf6 exf6 5. g3 c6 6. Bg2 Bd6 7. Ne2 h5 8.
h4 Bg4 9. Nd2 Nd7 10. a3 Nb6 11. b3 Qe7 12. c4 dxc4 13. bxc4 c5 14. Ne4 O-O
15. O-O Rad8 16. Qc2 Bf5 17. N2c3 Bb8 18. Rad1 Nxc4 19. Qb3 cxd4 20. exd4
Na5 21. Qb5 b6 22. Rfe1 Kg7 23. Nc5 Qc7 24. Nd5 Rxd5 25. Bxd5 bxc5 26. dxc5
Bd7 27. Qb4 Nc6 28. Qc3 Qc8 29. Rb1 Be5 30. Qc4 Bf5 31. Rbd1 Bg4 32. Rb1 Rd8
33. Bxf7 Qd7 34. Qa6 Kxf7 35. Rxe5 Nxe5 36. Rb7 Qxb7 37. Qxb7+ Rd7 38. Qb3+
Kg7 39. f4 Rd1+ 40. Kg2 Rd2+ 41. Kf1 Nf3 42. Qb7+ Kh6 {White resigns} 0-1

[Event "ICC tourney 2892 (30 10)"]
[Site "Internet Chess Club"]
[Date "2022.04.23"]
[Round "2"]
[White "RASULOV, VUGAR:Vugar-Rasulov"]
[Black "MAMMADOV, ZAUR:zaur94"]
[Result "1/2-1/2"]
[ICCResult "Game drawn by repetition"]
[WhiteElo "2504"]
[BlackElo "2572"]
[Opening "Ruy Lopez: exchange variation, Alapin gambit"]
[ECO "C68"]
[NIC "RL.08"]
[Time "14:00:15"]
[PlyCount "34"]
[TimeControl "1800+10"]

1. e4 e5 2. Nf3 Nc6 3. Bb5 a6 4. Bxc6 dxc6 5. O-O Bg4 6. h3 h5 7. c3 Qd3 8.
hxg4 hxg4 9. Nxe5 Bd6 10. Nxd3 Bh2+ 11. Kh1 Bg3+ 12. Kg1 Bh2+ 13. Kh1 Bg3+
14. Kg1 Bh2+ 15. Kh1 Bg3+ 16. Kg1 Bh2+ 17. Kh1 Bg3+ {Game drawn by
repetition} 1/2-1/2

[Event "ICC tourney 2892 (30 10)"]
[Site "Internet Chess Club"]
[Date "2022.04.23"]
[Round "2"]
[White "HU, MERRIC:K09-14686967"]
[Black "TANG, ZOEY:WonderZ"]
[Result "1-0"]
[ICCResult "Black resigns"]
[WhiteElo "2027"]
[BlackElo "2072"]
[Opening "Sicilian"]
[ECO "B50"]
[NIC "SI.01"]
[Time "14:01:59"]
[PlyCount "53"]
[TimeControl "1800+10"]

1. e4 c5 2. Nf3 d6 3. b3 Nf6 4. Nc3 Nc6 5. Bb5 e6 6. Bb2 Be7 7. Bxc6+ bxc6
8. e5 dxe5 9. Nxe5 Qc7 10. Qe2 a5 11. O-O O-O 12. Rfe1 Nd5 13. a4 Ba6 14.
Qg4 f5 15. Qg3 Bf6 16. d3 Kh8 17. Nxd5 Qb7 18. Nxf6 gxf6 19. Nf3 Rae8 20.
Qd6 Qg7 21. Rxe6 Rxe6 22. Qxe6 Bc8 23. Qd6 h5 24. Re1 f4 25. Qxf4 Bh3 26.
Ng5 Bg4 27. Ne6 {Black resigns} 1-0

[Event "ICC tourney 2892 (30 10)"]
[Site "Internet Chess Club"]
[Date "2022.04.23"]
[Round "2"]
[White "Lie, Yoeng Kiong:yoengkiong333"]
[Black "MITRABHA, GUHA:babysnake"]
[Result "1-0"]
[ICCResult "Black checkmated"]
[WhiteElo "2100"]
[BlackElo "2550"]
[Opening "Benkö gambit"]
[ECO "A57"]
[NIC "BI.46"]
[Time "14:00:24"]
[PlyCount "85"]
[TimeControl "1800+10"]

1. d4 Nf6 2. c4 c5 3. d5 b5 4. Nf3 bxc4 5. Nc3 d6 6. Nd2 g6 7. e4 Bg7 8.
Nxc4 O-O 9. Be2 Ba6 10. e5 Bxc4 11. Bxc4 dxe5 12. O-O Ne8 13. Be3 Nd6 14.
Be2 Nd7 15. Re1 f5 16. Rc1 Rc8 17. Ba6 Rb8 18. Qe2 e4 19. Bf4 Qa5 20. Red1
Rb6 21. Bc4 Ne5 22. Bxe5 Bxe5 23. a4 Rfb8 24. Nb5 a6 25. Nxd6 Rxb2 26. Nb7
R8xb7 27. Qe3 Kg7 28. g4 Qb6 29. gxf5 Qf6 30. Qxe4 Bd4 31. Kh1 Rxf2 32. Rf1
Rbb2 33. Rxf2 Rxf2 34. Re1 Kf8 35. fxg6 hxg6 36. d6 Qxd6 37. Qh4 g5 38. Qh7
Ke8 39. Bxa6 Kd8 40. Qg8+ Kc7 41. Qc8+ Kb6 42. Qb7+ Ka5 43. Qb5#
{Black checkmated}
1-0

[Event "ICC tourney 2892 (30 10)"]
[Site "Internet Chess Club"]
[Date "2022.04.23"]
[Round "2"]
[White "SHEEHAN, ETHAN THOMAS:Chessking2008"]
[Black "HO, CARTER:corviknight"]
[Result "1-0"]
[ICCResult "Black resigns"]
[WhiteElo "2250"]
[BlackElo "2028"]
[Opening "Réti: King's Indian attack (Barcza system)"]
[ECO "A07"]
[NIC "QP.09"]
[Time "14:01:18"]
[PlyCount "78"]
[TimeControl "1800+10"]

1. Nf3 d5 2. g3 Nf6 3. Bg2 g6 4. O-O Bg7 5. b3 O-O 6. Bb2 Bg4 7. c4 e6 8. d3
Nbd7 9. Nbd2 Re8 10. h3 Bxf3 11. Bxf3 c6 12. d4 e5 13. cxd5 e4 14. dxc6 exf3
15. cxd7 Rxe2 16. Rb1 Qxd7 17. Nxf3 Rae8 18. Ne5 Qb5 19. Re1 Rxe1+ 20. Qxe1
Nd7 21. Qf1 Qxf1+ 22. Kxf1 Bxe5 23. dxe5 Rc8 24. Re1 Nf8 25. Rc1 Rxc1+ 26.
Bxc1 Ne6 27. Ke2 Kf8 28. Be3 a6 29. f4 Ke7 30. Kd3 Kd7 31. g4 Ng7 32. Ke4
Ke6 33. Bb6 h5 34. a4 Ne8 35. f5+ Ke7 36. Kd5 hxg4 37. hxg4 gxf5 38. gxf5
Kd7 39. f6 Kc8 {Black resigns} 1-0

[Event "ICC tourney 2892 (30 10)"]
[Site "Internet Chess Club"]
[Date "2022.04.23"]
[Round "2"]
[White "DENG, HENRY:SuperPuzzler"]
[Black "LIANG, YU-CHENG:Yucheng"]
[Result "1/2-1/2"]
[ICCResult "Game drawn by mutual agreement"]
[WhiteElo "2090"]
[BlackElo "2026"]
[Opening "Caro-Kann: classical, 7...Nd7"]
[ECO "B19"]
[NIC "CK.11"]
[Time "14:00:11"]
[PlyCount "59"]
[TimeControl "1800+10"]

1. e4 c6 2. d4 d5 3. Nd2 dxe4 4. Nxe4 Bf5 5. Ng3 Bg6 6. h4 h6 7. Nf3 Nd7 8.
Bd3 Bxd3 9. Qxd3 e6 10. Bd2 Qc7 11. O-O-O Ngf6 12. Kb1 O-O-O 13. Ne4 Nxe4
14. Qxe4 Nf6 15. Qe2 Bd6 16. c4 c5 17. Bc3 cxd4 18. Bxd4 Bc5 19. Bc3 Rxd1+
20. Rxd1 Qf4 21. b4 Qe4+ 22. Qxe4 Nxe4 23. Bxg7 Rg8 24. Bd4 Bxb4 25. g3 Bc5
26. Bxc5 Nxc5 27. Ne5 Ne4 28. Re1 Nxf2 29. Nxf7 Rg7 30. Nd6+
{Game drawn by mutual agreement}
1/2-1/2

[Event "ICC tourney 2892 (30 10)"]
[Site "Internet Chess Club"]
[Date "2022.04.23"]
[Round "2"]
[White "WEN, YILI:yyyw"]
[Black "JEGAN, ALAN:playtowin2020"]
[Result "1-0"]
[ICCResult "Black resigns"]
[WhiteElo "2150"]
[BlackElo "2037"]
[Opening "English: symmetrical variation"]
[ECO "A38"]
[NIC "EO.26"]
[Time "14:00:40"]
[PlyCount "101"]
[TimeControl "1800+10"]

1. c4 c5 2. Nf3 Nf6 3. Nc3 Nc6 4. g3 g6 5. Bg2 Bg7 6. d4 cxd4 7. Nxd4 O-O 8.
O-O a6 9. c5 Ne4 10. Nxc6 Nxc3 11. Nxd8 Nxd1 12. Rxd1 Rxd8 13. Rb1 Rb8 14.
Bf4 e5 15. Bg5 f6 16. Bd2 b5 17. cxb6 Bb7 18. Ba5 Bf8 19. Bxb7 Rxb7 20. Rbc1
d6 21. Rc7 Rxc7 22. bxc7 Rc8 23. e4 Kf7 24. Rc1 Ke6 25. Rc6 Kd7 26. Rxa6 f5
27. f3 Bh6 28. Kf2 Bc1 29. b4 Bb2 30. b5 Bd4+ 31. Ke1 fxe4 32. fxe4 Bg1 33.
b6 Kc6 34. a4 h5 35. h4 Bc5 36. Ra7 Bxb6 37. Ra6 Rxc7 38. Rxb6+ Kd7 39. Bb4
Rc4 40. a5 Rxe4+ 41. Kf2 d5 42. a6 Rc4 43. Ke2 Kc7 44. Ba5 Ra4 45. Rb5+ Kc6
46. a7 Ra2+ 47. Kd1 Kxb5 48. a8=Q Rxa5 49. Qxd5+ Kb4 50. Qd6+ Kb3 51. Qb6+
{Black resigns}
1-0

[Event "ICC tourney 2892 (30 10)"]
[Site "Internet Chess Club"]
[Date "2022.04.23"]
[Round "2"]
[White "ALEKSANDROV, ALEKSEJ:Aleksandrov73"]
[Black "Nguyen, Hoa Duc:leoman"]
[Result "0-1"]
[ICCResult "White resigns"]
[WhiteElo "2556"]
[BlackElo "2469"]
[Opening "Grünfeld defense"]
[ECO "D80"]
[NIC "GI.03"]
[Time "14:00:14"]
[PlyCount "64"]
[TimeControl "1800+10"]

1. d4 Nf6 2. c4 g6 3. Nc3 d5 4. e3 Bg7 5. Bd2 O-O 6. Rc1 c5 7. dxc5 Na6 8.
Nxd5 Ne4 9. f3 Nxd2 10. Qxd2 Nxc5 11. b4 Na4 12. Ne2 a5 13. b5 e6 14. Ndc3
Qh4+ 15. g3 Qxc4 16. Nd4 Qb4 17. Nxa4 Qxa4 18. Bc4 Rd8 19. O-O e5 20. Qc2
Qa3 21. Qb3 Qe7 22. Nc2 Bh6 23. Rfd1 Bf5 24. Kf2 Rac8 25. Ne1 Rxd1 26. Rxd1
a4 27. Qxa4 Qc5 28. Bf1 Qxe3+ 29. Kg2 e4 30. f4 Bg4 31. Rb1 Bg7 32. h3 Bd4
{White resigns}
0-1

[Event "ICC tourney 2892 (30 10)"]
[Site "Internet Chess Club"]
[Date "2022.04.23"]
[Round "2"]
[White "YANG, KAIQI:YKQ"]
[Black "GUSEINOV, GADIR:GGuseinov"]
[Result "0-1"]
[ICCResult "White resigns"]
[WhiteElo "2531"]
[BlackElo "2711"]
[Opening "King's Indian: 6.Be2"]
[ECO "E91"]
[NIC "KI.19"]
[Time "14:00:23"]
[PlyCount "78"]
[TimeControl "1800+10"]

1. d4 Nf6 2. c4 g6 3. Nc3 Bg7 4. e4 d6 5. Be2 O-O 6. Nf3 c6 7. e5 dxe5 8.
Nxe5 Nbd7 9. Nf3 Qc7 10. O-O Rd8 11. Bg5 Nf8 12. h3 Ne6 13. Be3 Nh5 14. Qb3
Nef4 15. Rfd1 h6 16. Bf1 g5 17. Rd2 Ng6 18. c5 Be6 19. d5 cxd5 20. Nxd5 Rxd5
21. Rxd5 Nhf4 22. Bc4 Nxd5 23. Bxd5 Bxd5 24. Qxd5 Rd8 25. Qb3 e6 26. Rc1 Rd5
27. Qc2 Nf4 28. Bxf4 Qxf4 29. b3 Bf8 30. c6 Rc5 31. Qxc5 Bxc5 32. Rxc5 bxc6
33. Rxc6 Qe4 34. Ra6 Qb1+ 35. Kh2 Qf1 36. Rxa7 Qxf2 37. Ra8+ Kg7 38. a4 f5
39. Ra7+ Qxa7 {White resigns} 0-1

[Event "ICC tourney 2892 (30 10)"]
[Site "Internet Chess Club"]
[Date "2022.04.23"]
[Round "2"]
[White "NGUYEN, TIEN:ngthanhthuytien"]
[Black "YAN, RUIYANG:jy2020"]
[Result "0-1"]
[ICCResult "White resigns"]
[WhiteElo "2050"]
[BlackElo "2185"]
[Opening "English opening"]
[ECO "A05"]
[NIC "QP.11"]
[Time "14:00:13"]
[PlyCount "108"]
[TimeControl "1800+10"]

1. Nf3 Nf6 2. c4 e6 3. e3 d5 4. Nc3 Be7 5. b3 O-O 6. Bb2 c5 7. cxd5 exd5 8.
d4 b6 9. Be2 Bb7 10. O-O Nbd7 11. Rc1 Rc8 12. dxc5 bxc5 13. Qd2 Qc7 14. b4
c4 15. Nb5 Qb6 16. a4 Ne4 17. Qe1 Bc6 18. Bd4 Qb7 19. Nxa7 Bxb4 20. Qd1 Rb8
21. Rb1 Qa6 22. Nxc6 Qxc6 23. Ne5 Nxe5 24. Bxe5 Bd6 25. Qd4 Bxe5 26. Qxe5
Rxb1 27. Rxb1 Qxa4 28. Rb8 Qd7 29. f3 Nf6 30. g4 Rxb8 31. Qxb8+ Qe8 32. Qb6
Nd7 33. Qa7 Qc8 34. Bd1 g6 35. Kf1 Nc5 36. h4 h5 37. Ke1 c3 38. Bc2 hxg4 39.
fxg4 Ne4 40. h5 Qxg4 41. Qa8+ Kg7 42. Qxd5 Qg1+ 43. Ke2 Qf2+ 44. Kd3 Qd2+
45. Kc4 Qxc2 46. Qe5+ f6 47. Qe7+ Kh6 48. hxg6 Nd2+ 49. Kc5 Qf5+ 50. Kb6
Nc4+ 51. Kb7 Qb5+ 52. Ka7 Qb6+ 53. Ka8 Qa6+ 54. Kb8 Qd6+ {White resigns} 0-1

[Event "ICC tourney 2892 (30 10)"]
[Site "Internet Chess Club"]
[Date "2022.04.23"]
[Round "2"]
[White "SAFARLI, ELTAJ:KRASAVCHIK"]
[Black "POPILSKI, GIL:kurumania"]
[Result "1/2-1/2"]
[ICCResult "Game drawn by mutual agreement"]
[WhiteElo "2639"]
[BlackElo "2508"]
[Opening "Sicilian: closed"]
[ECO "B23"]
[NIC "SI.44"]
[Time "14:00:45"]
[PlyCount "147"]
[TimeControl "1800+10"]

1. e4 c5 2. Nc3 g6 3. f4 Bg7 4. Nf3 d6 5. Bb5+ Bd7 6. a4 Nf6 7. O-O O-O 8.
d3 Nc6 9. Bxc6 Bxc6 10. Qe1 Qd7 11. f5 gxf5 12. Nh4 fxe4 13. Nf5 Kh8 14.
Nxg7 Kxg7 15. Qh4 Ng8 16. dxe4 f6 17. Nd5 Kh8 18. Ra3 Rf7 19. Rg3 Raf8 20.
b3 e6 21. Ne3 Rg7 22. Rgf3 Rg6 23. Bb2 Qg7 24. R3f2 Rg5 25. Rd1 d5 26. exd5
exd5 27. Nf5 Qg6 28. Ng3 Re8 29. b4 b6 30. bxc5 bxc5 31. Qf4 Re6 32. Rdf1 d4
33. c3 Rg4 34. Qb8 h5 35. cxd4 cxd4 36. Qc8 Qe8 37. Qxe8 Bxe8 38. Rd2 Bxa4
39. Nxh5 Bb5 40. Ra1 d3 41. Ng3 a6 42. Rf1 Kh7 43. Rf5 Kg6 44. Rf3 Ne7 45.
h3 Rg5 46. Kh2 Nf5 47. Nxf5 Rxf5 48. Rxf5 Kxf5 49. Rf2+ Ke4 50. Kg3 f5 51.
Rf4+ Ke3 52. Bc1+ Ke2 53. Rf2+ Kd1 54. Bg5 Re2 55. Rxf5 d2 56. Rc5 Ke1 57.
Bxd2+ Kxd2 58. Kf3 Re6 59. g4 Kd3 60. h4 Rf6+ 61. Kg3 Kd4 62. Rc1 Be2 63. g5
Rf3+ 64. Kg2 Rf8 65. Rc7 Bh5 66. Rh7 Bf3+ 67. Kg3 Be4 68. Ra7 Bd3 69. h5 Ke5
70. g6 Kf6 71. Rf7+ Rxf7 72. gxf7 Kxf7 73. Kf4 a5 74. Ke3
{Game drawn by mutual agreement}
1/2-1/2

[Event "ICC tourney 2892 (30 10)"]
[Site "Internet Chess Club"]
[Date "2022.04.23"]
[Round "3"]
[White "POPILSKI, GIL:kurumania"]
[Black "RASULOV, VUGAR:Vugar-Rasulov"]
[Result "1-0"]
[ICCResult "Black resigns"]
[WhiteElo "2508"]
[BlackElo "2504"]
[Opening "Sicilian: Sozin, Benkö variation"]
[ECO "B57"]
[NIC "SI.25"]
[Time "16:01:17"]
[PlyCount "39"]
[TimeControl "1800+10"]

1. e4 c5 2. Nf3 d6 3. d4 cxd4 4. Nxd4 Nf6 5. Nc3 Nc6 6. Bc4 Qb6 7. Nxc6 bxc6
8. O-O e6 9. Qe2 Be7 10. b3 O-O 11. Bb2 e5 12. Kh1 Bb7 13. f4 Qc7 14. fxe5
dxe5 15. Nd1 Rad8 16. Ne3 Bc8 17. Nf5 Kh8 18. Qe3 Nh5 19. Nxe7 Qxe7 20. a4
{Black resigns}
1-0

[Event "ICC tourney 2892 (30 10)"]
[Site "Internet Chess Club"]
[Date "2022.04.23"]
[Round "3"]
[White "MAMMADOV, ZAUR:zaur94"]
[Black "Volkov, Sergey:Volkov"]
[Result "1/2-1/2"]
[ICCResult "Game drawn by mutual agreement"]
[WhiteElo "2572"]
[BlackElo "2559"]
[Opening "French: advance, Euwe variation"]
[ECO "C02"]
[NIC "FR.03"]
[Time "16:00:49"]
[PlyCount "42"]
[TimeControl "1800+10"]

1. e4 e6 2. d4 d5 3. e5 c5 4. c3 Nc6 5. Nf3 Bd7 6. Na3 cxd4 7. cxd4 Bxa3 8.
bxa3 Qa5+ 9. Bd2 Qxa3 10. Rb1 Nge7 11. Rxb7 Qxa2 12. Bd3 Rb8 13. Rxb8+ Nxb8
14. O-O Nbc6 15. Qc1 Qb3 16. Bc2 Qc4 17. Qb2 O-O 18. Rc1 Rb8 19. Qa3 Qb5 20.
h4 a5 21. Qd6 Rb7 {Game drawn by mutual agreement} 1/2-1/2